 Dungeon Crawl Stone Soup version 0.30-a0-782-ge64f9170bb (webtiles) character file.

Game seed: 14964661075524411176

181 DavidChitty2 the Chopper (level 5, -4/47 HPs)
             Began as a Hill Orc Fighter on Feb 23, 2023.
             Slain by an iguana (10 damage)
             ... on level 3 of the Dungeon.
             The game lasted 00:03:33 (2653 turns).

DavidChitty2 the Chopper (Hill Orc Fighter)         Turns: 2653, Time: 00:03:34

Health: -4/47      AC: 14    Str: 21    XL:     5   Next: 61%
Magic:  5/5        EV:  9    Int:  8    God:
Gold:   220        SH:  4    Dex: 10    Spells: 4/4 levels left

rFire   + . .      SeeInvis .    a - +0 war axe
rCold   . . .      Faith    .    c - +0 buckler
rNeg    . . .      Spirit   .    b - +0 scale mail
rPois   .          Reflect  .    (no helmet)
rElec   .          Harm     .    l - +2 cloak
rCorr   .          Rampage  .    (no gloves)
Will    .....                    (no boots) Stlth
                                 k - amulet of Lady Luck {RegenMP +Inv rF+}
HPRegen 0.27/turn                m - +4 ring of protection
MPRegen 0.49/turn                (no ring)

@: no status effects
A: no striking features
a: Evoke Invisibility


You were on level 3 of the Dungeon.
You visited 1 branch of the dungeon, and saw 4 of its levels.

You collected 220 gold pieces.

Inventory:

Hand Weapons
 a - a +0 war axe (weapon)
Armour
 b - a +0 scale mail (worn)
 c - a +0 buckler (worn)
 l - a +2 cloak (worn)
   (You found it on level 2 of the Dungeon)
Jewellery
 e - an amulet of magic regeneration
   (You found it on level 1 of the Dungeon)
 h - a ring of ice
   (You found it on level 1 of the Dungeon)
 k - the amulet of Lady Luck (around neck) {RegenMP +Inv rF+}
   (You found it on level 2 of the Dungeon)

   [amulet of magic regeneration]

   It increases your rate of magic regeneration.
   rF:        It protects you from fire.
   +Inv:      It lets you turn invisible.
 m - a +4 ring of protection (left hand)
   (You found it on level 2 of the Dungeon)
Scrolls
 n - a scroll of identify {unknown}
 p - a scroll of vulnerability {!r}
Potions
 d - a potion of might
 f - a potion of lignification {unknown}
 g - a potion of attraction {unknown}
 j - 2 potions of heal wounds {unknown}
 o - 2 potions of degeneration {unknown}
 q - a potion of ambrosia {unknown}
 s - a potion of curing {unknown}


   Skills:
 + Level 4.6 Fighting
 * Level 5.1 Axes
 + Level 4.1 Armour
 + Level 4.1 Shields


You had 4 spell levels left.
You didn't know any spells.
Your spell library was empty.

Dungeon Overview and Level Annotations

Branches:
Dungeon (4/15)
 Temple: D:4-7

Altars:
Nemelex Xobeh
Qazlal


Message History

The hound barely misses you. The kobold closely misses you.
The hound bites you but does no damage.
You slash the hound! You slash the kobold!
You kill the kobold!
The hound pauses to sniff the ground.
The hound closely misses you. The hound bites you but does no damage.
You barely miss the hound. You hit the iguana. You barely miss the scorpion.
The scorpion stings you but does no damage.
The hound bites you but does no damage.
The iguana bites you but does no damage.
The scorpion closely misses you.
A worm comes into view.
The hound barely misses you.
You hit the hound. You hit the iguana but do no damage. You hit the scorpion.
The scorpion stings you. The hound bites you but does no damage.
The iguana bites you.
You closely miss the hound. You closely miss the iguana. You hit the scorpion.
The hound bites you but does no damage.
The scorpion stings you but does no damage.
The iguana bites you. The hound barely misses you.
You block the scorpion's attack. The iguana closely misses you.
You closely miss the hound. You closely miss the scorpion.
You slash the iguana! The hound bites you but does no damage.
The scorpion stings you. The hound bites you. The iguana barely misses you.
You block the scorpion's attack.
You closely miss the hound. You barely miss the iguana. You hit the scorpion.
You block the hound's attack. The scorpion stings you.
* * * LOW HITPOINT WARNING * * *
The iguana barely misses you. The hound bites you but does no damage.
The scorpion attacks as you move away! The scorpion barely misses you.
The iguana bites you!
* * * LOW HITPOINT WARNING * * *
The hound closely misses you. The iguana bites you!
* * * LOW HITPOINT WARNING * * *
The scorpion stings you but does no damage.
There is a stone staircase leading up here.
You block the iguana's attack.
The scorpion stings you but does no damage.
The hound bites you but does no damage.
You climb upwards.
There is a stone staircase leading down here.
Okay, then.
As you read the scroll of fog, it crumbles to dust.
The scroll dissolves into smoke.
The iguana closely misses you.
The scorpion stings you but does no damage.
The scorpion attacks as you move away! The scorpion barely misses you.
You block the iguana's attack. The iguana attacks as you move away!
The iguana bites you!
You die...

..........>......# #......
.................# #......
........<........# #...>..
.(...........[...# #......
.................# #######
.................# ############
.................# #...§.......
####.###########§## #..§.<......
#.# #..§@§# #.g......... # #.#
#§§ls§# #.......)...
####'########.§§§§# #...........
#...........§.§§§§# #...........
#...........§§.§§.# #...........
#.....)......###+## #...........
.............# #.#####...........
#............###.................
#............##..........#.......


You could see a scorpion and an iguana.

Vanquished Creatures
  A phantom (D:3)
  An adder (D:3)
  A worm (D:1)
  3 dart slugs
  3 ball pythons
  4 bats
  11 endoplasms
  9 giant cockroaches (D:1)
  9 hobgoblins
  5 jackals (D:1)
  3 quokkas (D:1)
  2 frilled lizards
  6 goblins
  5 kobolds
  10 rats
73 creatures vanquished.

Notes
Turn   | Place    | Note
-------+----------+-------------------------------------------
     0 | D:1      | DavidChitty2 the Hill Orc Fighter began the quest for the
                  | Orb.
     0 | D:1      | Reached XP level 1. HP: 19/19 MP: 1/1
     1 | D:1      | Found a runed translucent door.
    69 | D:1      | Reached skill level 3 in Axes
   103 | D:1      | Reached XP level 2. HP: 27/27 MP: 2/2
   546 | D:1      | Reached XP level 3. HP: 33/33 MP: 3/3
   904 | D:2      | Reached skill level 4 in Axes
   932 | D:2      | Identified the amulet of Lady Luck {RegenMP +Inv rF+}
  1083 | D:2      | Reached XP level 4. HP: 40/40 MP: 4/4
  1761 | D:3      | Found a stormy altar of Qazlal.
  1880 | D:3      | Found a sparkling altar of Nemelex Xobeh.
  1970 | D:3      | Found a faded altar of an unknown god.
  2481 | D:3      | Noticed a phantom
  2513 | D:3      | Killed a phantom
  2514 | D:3      | Reached skill level 5 in Axes
  2514 | D:3      | Reached XP level 5. HP: 42/47 MP: 5/5
  2653 | D:3      | Slain by an iguana

Illustrated notes

Levels and vault maps discovered:
D:1:      dpeg_arrival_caged_fury, layout_rooms, minmay_misc_feat_nine_boxes,
          minmay_misc_feat_hallway, hangedman_decor_growths, minivault_25,
          nicolae_wormholes
D:2:      layout_basic, minmay_misc_feat_tiny, dreamdust_princess_corridor
D:3:      layout_basic, mainiacjoe_overflow_tiny_flanked,
          mainiacjoe_overflow_chevrons, ebering_ecumenical_altar_abandoned,
          minmay_misc_feat_rows, minmay_misc_feat_pillars
D:4:      layout_rooms, ebering_ghost_sewer_f, uniq_ijyb

Skill      XL: |  1  2  3  4 |
---------------+-------------+-----
Axes           | 3 4 5 |  5.1
Fighting       | 4 |  4.6
Armour         | 4 |  4.1
Shields        | 4 |  4.1

Action                     |  1- 3 |  4- 6 || total
---------------------------+-------+-------++-------
  Melee: War axe           |   117 |   103 ||   220
    Use: Scroll            |       |     7 ||     7
 Armour: Scale mail        |    43 |    67 ||   110
  Dodge: Dodged            |    54 |    48 ||   102
  Block: Buckler           |    21 |    25 ||    46

Table legend: (Time is in decaauts)
 A = Elapsed time spent in this place.
 B = Non-inter-level travel time spent in this place.
 C = Inter-level travel time spent in this place.
 D = Time resting spent in this place.
 E = Time spent auto-exploring this place.
 F = Levels seen in this place.
 G = Mean time per level.
                   A        B        C        D        E       F      G
               +--------+--------+--------+--------+--------+-----+--------+
         Total |   2727 |   2683 |     44 |      0 |   2066 |   4 |  681.8 |
       Dungeon |   2727 |   2683 |     44 |      0 |   2066 |   4 |  681.8 |
               +--------+--------+--------+--------+--------+-----+--------+

Top non-repeatable levels by time:
     D:3: 918 daAuts
     D:1: 900 daAuts
     D:2: 891 daAuts
     D:4: 17 daAuts
